 Dungeon Crawl Stone Soup version 0.28.0-53-g5a82cb258f (webtiles) character file.

Game seed: 12036921024537004541

6 PentaManta the Sneak (level 1, -2/7 HPs)
             Began as a Felid Enchanter on June 6, 2022.
             Frozen to death by an endoplasm (3 damage)
             ... on level 1 of the Dungeon.
             The game lasted 00:03:10 (846 turns).

PentaManta the Sneak (Felid Enchanter)               Turns: 846, Time: 00:03:10

Health: -2/7       AC:  1    Str:  4    XL:     1   Next: 75%
Magic:  4/4        EV: 17    Int: 16    God:
Gold:   0          SH:  0    Dex: 16    Spells: 4/4 levels left
                                        Lives:  0   Deaths: 0

rFire   . . .      SeeInvis +     - Unarmed
rCold   . . .      Faith    .   (shield unavailable)
rNeg    . . .      Spirit   .   (armour unavailable)
rPois   .          Reflect  .   (helmet unavailable)
rElec   .          Harm     .   (cloak unavailable)
rCorr   +          Rampage  .   (gloves unavailable)
Will    .....                   (boots unavailable)
Stlth   +++.......              (no amulet)
HPRegen 0.02/turn               c - ring of resist corrosion
MPRegen 0.09/turn               (no ring)

@: quick
A: very small, claws 1, fangs 3, see invisible, speed 1, shaggy fur 1, stealthy
paws, no weapons or thrown items, no armour, multi-lived
a: no special abilities


You were on level 1 of the Dungeon.
You visited 1 branch of the dungeon, and saw 2 of its levels.

Inventory:

Jewellery
 c - a ring of resist corrosion (left paw)
Scrolls
 b - a scroll of teleportation {unknown}
Potions
 a - a potion of invisibility


   Skills:
 - Level 2.7 Dodging
 + Level 4.6 Stealth
 - Level 1.0 Unarmed Combat
 - Level 2.0 Spellcasting
 - Level 4.4 Hexes


You had 4 spell levels left.
You didn't know any spells.
Your spell library contained the following spells:

 Spells                   Type           Power      Damage    Failure   Level
 Confusing Touch          Hex            15%        N/A       10%         3
 Tukima's Dance           Hex            15%        N/A       10%         3
 Ensorcelled Hibernation  Hex/Ice        16%        N/A       13%         2
 Dazzling Flash           Conj/Hex       16%        N/A       26%         3


Dungeon Overview and Level Annotations

Branches:
Dungeon (2/15)

Altars:


Innate Abilities, Weirdness & Mutations

You have sharp claws.
You have razor-sharp teeth.
You have supernaturally acute eyesight. (SInv)
You cover ground quickly. (Speed+)
You are covered in fur. (AC +1)
Your paws help you pounce on unaware monsters.
You are incapable of wielding weapons or throwing items.
You cannot wear armour.
You gain extra lives every three experience levels.


Message History

You completely miss the bat.
The bat is heavily wounded.
The bat barely misses you. The bat completely misses you.
The bat barely misses you.
You scratch the bat.
You kill the bat!
You see here a bat corpse.
There is a stone staircase leading down here.
You start resting.
An endoplasm is nearby!
You climb downwards.
There is a stone staircase leading up here.
You start resting.
HP restored.
You climb upwards.
The endoplasm quivers.
There is a stone staircase leading down here.
You see here a +0 club.
You scratch the endoplasm but do no damage.
The endoplasm freezes you.
You are frozen.
You scratch the endoplasm but do no damage.
You bite the endoplasm, but do no damage.
The endoplasm misses you.
You scratch the endoplasm but do no damage.
The endoplasm hits you.
You scratch the endoplasm.
The endoplasm is lightly wounded.
The endoplasm barely misses you.
You scratch the endoplasm.
The endoplasm is almost dead.
The endoplasm freezes you.
You are frozen.
* * * LOW HITPOINT WARNING * * *
There is a stone staircase leading down here.
You completely miss the endoplasm.
The endoplasm is almost dead.
The endoplasm freezes you.
You are frozen.
You die...

##### ## ...##.##
##....?.####
#............
#.#.#....##.# #
#.@J.........
#.###...........#
##.........#.....#
..............##
###..........##
#.###..#.### #.###..#.#
###
###......#.###########..
.....##.................


You could see an endoplasm.

Vanquished Creatures
  A giant cockroach (D:1)
  A goblin (D:1)
  2 bats (D:1)
  2 rats (D:1)
6 creatures vanquished.

Notes
Turn   | Place    | Note
-------+----------+-------------------------------------------
     0 | D:1      | PentaManta the Felid Enchanter began the quest for the Orb.
     0 | D:1      | Reached XP level 1. HP: 7/7 MP: 4/4
   846 | D:1      | Frozen to death by an endoplasm

Illustrated notes

Levels and vault maps discovered:
D:1:      dpeg_arrival_arbitrary_c, layout_basic,
          shapermc_ecumenical_altar_notcrosses
D:2:      layout_basic

Action                   || total
-------------------------++-------
Melee: Unarmed           ||    42
       Bite              ||     4
 Stab: Sleeping          ||     1
Armor: Skin              ||     6
Dodge: Dodged            ||    45
